Map: Cyber Forest LE

Players

Turing

  • Race: Zerg Zerg
  • League: Master
  • Spawn Location: 11:00

Krayze - Winner!

  • Race: Zerg Zerg
  • Spawn Location: 5:00

VOD

Have the link to the VOD?

Description

Time

  • Played on: May 11, 2019, 2:22 p.m.
  • Length: 4:03
Show
View Real Time Build Order
Export as new Build Order

Turing Zerg 

Build Orders: Pool First 

Get SALT Encoding   

  12  0:01  Drone  
  13  0:12  Overlord  
  13  0:19  Drone  
  14  0:30  Drone  
  14  0:31  Drone  
  14  0:34  Drone  
  17  0:45  Spawning Pool  
  17  0:48  Drone  
  17  0:51  Extractor  
  17  0:56  Drone  
  17  1:15  Hatchery  
  17  1:17  Drone  
  17  1:31  Zergling x2  
  18  1:35  Overlord  
  18  1:40  Queen  
  18  1:44  Drone  
  21  1:51  Metabolic Boost  
  21  1:56  Drone  
  22  2:05  Evolution Chamber  
  22  2:08  Drone  
  22  2:18  Queen  
  22  2:21  Drone  
  25  2:28  Drone x2  
  26  2:41  Zergling x4  
  28  2:49  Baneling Nest  
  28  2:51  Zergling x2  
  28  2:58  Queen  
  28  3:02  Zergling x2  
  31  3:06  Drone  
  32  3:13  Overlord  
  32  3:17  Zergling x4  
  34  3:21  Zergling x2  
  35  3:30  Overlord  
  35  3:38  Zergling x8  
  28  3:43  Zergling x4  
Show
View Real Time Build Order
Export as new Build Order

Krayze Zerg - Winner!

Build Orders: Hatch First 

Get SALT Encoding   

  12  0:01  Drone  
  13  0:08  Drone  
  14  0:15  Extractor  
  14  0:16  Drone  
  15  0:38  Hatchery  
  14  0:43  Extractor  
  14  0:44  Drone  
  14  0:58  Spawning Pool  
  14  1:02  Drone  
  14  1:11  Overlord  
  14  1:19  Drone, Extractor  
  15  1:46  Metabolic Boost  
  15  1:48  Zergling x4  
  15  1:49  Queen  
  15  1:53  Zergling x2  
  20  1:57  Zergling x2  
  21  2:06  Zergling x4  
  23  2:21  Zergling x4  
  23  2:22  Zergling x2  
  26  2:34  Overlord  
  26  2:35  Zergling x2  
  26  2:36  Zergling x2  
  28  2:55  Zergling x8  
  32  3:00  Zergling x6  
  35  3:09  Zergling x2  
  36  3:12  Overlord  
  35  3:22  Overlord  
  35  3:36  Zergling x12  
Tags
 
Add a new tag
Caveats
  • Supply blocks, unpowered buildings, or Contaminate may cause inaccurate times.
  • Supply counts are checked every 10 seconds.